 Dungeon Crawl Stone Soup version 0.29.1-12-g30fa7ad0bf (webtiles) character file.

Game seed: 11838026268596423325

105545 GeoRichter the Basher (level 15, 0/115 HPs)
             Began as a Demonspawn Monk on Dec 21, 2022.
             Was the Champion of Makhleb.
             Slain by a fire elemental (1 damage)
             ... summoned by a deep elf pyromancer
             ... while paralysed by a deep elf pyromancer
             ... on level 15 of the Dungeon.
             The game lasted 01:16:33 (26207 turns).

GeoRichter the Basher (Demonspawn Monk)            Turns: 26207, Time: 01:16:33

Health: 0/115      AC: 26    Str: 21    XL:     15   Next: 95%
Magic:  28/28      EV:  2    Int: 14    God:    Makhleb [******]
Gold:   358        SH:  0    Dex: 19    Spells: 30/33 levels left

rFire   + . .      SeeInvis .   a - +5 flail of Unpleasantness {vorpal, +Blink rN+ Int+2}
rCold   + . .      Faith    .   l - +0 buckler
rNeg    + . .      Spirit   .   X - +0 acid dragon scales
rPois   .          Reflect  .   (helmet unavailable)
rElec   .          Harm     .   b - +1 cloak of the Moon {Dex+3}
rCorr   +          Rampage  .   K - +1 pair of gloves {Str+3}
Will    +....                   N - +0 pair of boots
Stlth   ++++......              P - amulet of regeneration
HPRegen 1.09/turn               e - ring of protection from cold
MPRegen 0.21/turn               O - ring of the Bull {rF+ Slay+4 Stlth+}

@: paralysed, mighty, sanguine armoured
A: horns 3, icemail 1, powered by pain 2, sanguine armour 3, condensation shield
a: Renounce Religion, Evoke Blink, Minor Destruction, Lesser Servant of Makhleb,
Major Destruction, Greater Servant of Makhleb


You were on level 15 of the Dungeon.
You worshipped Makhleb.
Makhleb was exalted by your worship.
You visited 4 branches of the dungeon, and saw 23 of its levels.
You also visited: Ossuary, Bailey and Gauntlet.

You collected 3211 gold pieces.
You spent 2853 gold pieces at shops.

Inventory:

Hand Weapons
 a - the +5 flail of Unpleasantness (weapon) {vorpal, +Blink rN+ Int+2}
   (You took it off a minotaur in a Gauntlet)

   It inflicts extra damage upon your enemies.
   Int:       It affects your intelligence (+2).
   rN:        It protects you from negative energy.
   +Blink:    It lets you blink.
 y - a +1 morningstar of flaming
   (You found it on level 3 of the Lair of Beasts)
Missiles
 j - 6 curare-tipped darts {!f}
 z - 5 throwing nets {!f}
 W - 9 javelins
Armour
 b - the +1 cloak of the Moon (worn) {Dex+3}
   (You found it on level 2 of the Dungeon)

   Dex:       It affects your dexterity (+3).
 l - a +0 buckler (worn)
   (You took it off a tengu conjurer in a Gauntlet)
 n - the +1 cloak of Starlight {*Dazzle EV+4 Stlth--}
   (You bought it in a shop on level 12 of the Dungeon)

   It may blind those who miss an attack against the wearer in melee combat.
   EV:        It affects your evasion (+4).
   Stlth:     It makes you much less stealthy.
 H - the +1 robe of the Gusle {Rampage rPois Regen+}
   (You found it in a bailey)

   rPois:     It protects you from poison.
   Regen:     It increases your rate of health regeneration.
   Rampage:   It bestows one free step when moving towards enemies.
 K - a +1 pair of gloves of strength (worn)
   (You bought it in a shop on level 2 of the Orcish Mines)
 N - a +0 pair of boots (worn)
   (You found it on level 8 of the Dungeon)
 T - a scarf of resistance
   (You found it in a Gauntlet)
 U - a +3 ring mail
   (You found it on level 2 of the Lair of Beasts)
 V - a +1 kite shield of protection
   (You bought it in a shop on level 2 of the Orcish Mines)
 X - +0 acid dragon scales (worn)
   (You found it in a Gauntlet)
Jewellery
 e - a ring of protection from cold (left hand)
   (You found it on level 1 of the Dungeon)
 J - a ring of poison resistance
   (You took it off an orc warrior on level 8 of the Dungeon)
 O - the ring of the Bull (right hand) {rF+ Slay+4 Stlth+}
   (You bought it in a shop on level 2 of the Dungeon)

   [ring of slaying]

   Slay:      It affects your accuracy & damage with ranged weapons and melee
   (+4).
   rF:        It protects you from fire.
   Stlth:     It makes you more stealthy.
 P - an amulet of regeneration (around neck)
   (You bought it in a shop on level 2 of the Dungeon)
 Q - a ring of flight
   (You found it on level 11 of the Dungeon)
Wands
 d - a wand of roots (8)
   (You found it on level 11 of the Dungeon)
 x - a wand of digging (10)
   (You found it on level 11 of the Dungeon)
 I - a wand of paralysis (14)
   (You found it on level 7 of the Dungeon)
 R - a wand of acid (4)
   (You found it on level 1 of the Lair of Beasts)
Scrolls
 h - a scroll of magic mapping
 k - 8 scrolls of poison {!r}
 p - 13 scrolls of teleportation {@r4}
 t - 5 scrolls of vulnerability {!r}
 u - 5 scrolls of amnesia
 v - 5 scrolls of fog
 w - 2 scrolls of immolation {!r}
 A - 7 scrolls of fear
 B - 2 scrolls of brand weapon
 D - 4 scrolls of enchant weapon
 E - 6 scrolls of enchant armour
 M - 7 scrolls of blinking
 Y - a scroll of summoning {unknown}
Potions
 c - 5 potions of ambrosia
 f - 4 potions of lignification {!q}
 g - 4 potions of heal wounds {@q2}
 i - 3 potions of mutation {!q}
 m - 2 potions of cancellation
 o - 7 potions of brilliance
 q - 4 potions of attraction {!q}
 r - 4 potions of might
 s - 4 potions of haste {@q3}
 C - 5 potions of curing {@q1}
 F - a potion of berserk rage {unknown}
 G - a potion of invisibility
 L - 3 potions of resistance
 S - a potion of magic {unknown}
 Z - 4 potions of flight


   Skills:
 + Level 10.3 Fighting
 - Level 14.0 Maces & Flails
 + Level 8.9 Armour
 + Level 9.4 Dodging
 - Level 5.0 Stealth
 + Level 5.9 Shields
 - Level 9.6 Spellcasting
 - Level 10.0 Ice Magic
 + Level 9.0 Invocations
 - Level 6.0 Evocations


You had 30 spell levels left.
You knew the following spells:

 Your Spells              Type           Power      Damage    Failure   Level
a - Frozen Ramparts       Ice            68%        1d11      1%          3

Your spell library contained the following spells:

 Spells                   Type           Power      Damage    Failure   Level
 Apportation              Tloc           12%        N/A       17%         1
 Foxfire                  Conj/Fire      24%        2x1d5     17%         1
 Magic Dart               Conj           24%        1d4       17%         1
 Shock                    Conj/Air       24%        1d4       17%         1
 Ice Form                 Ice/Tmut       20%        N/A       22%         4
 Summon Ice Beast         Ice/Summ       20%        N/A       22%         4
 Call Imp                 Summ           6%         N/A       26%         2
 Poisonous Vapours        Pois/Air       12%        N/A       26%         2
 Confusing Touch          Hex            6%         N/A       45%         3
 Conjure Flame            Conj/Fire      6%         6-21      45%         3
 Gell's Gravitas          Tloc           6%         N/A       45%         3
 Ignite Poison            Fire/Tmut/Pois 6%         N/A       45%         3
 Inner Flame              Hex/Fire       6%         N/A       45%         3
 Lesser Beckoning         Tloc           6%         N/A       45%         3
 Mephitic Cloud           Conj/Pois/Air  6%         N/A       45%         3
 Summon Guardian Golem    Hex/Summ       6%         N/A       45%         3
 Swiftness                Air            6%         N/A       45%         3
 Teleport Other           Tloc           6%         N/A       45%         3
 Freezing Cloud           Conj/Ice/Air   8%         6-21      77%         5
 Airstrike                Air            3%         2d(1-17)  86%         4
 Anguish                  Hex/Necr       3%         N/A       86%         4
 Cause Fear               Hex            3%         N/A       86%         4
 Corpse Rot               Necr/Pois/Air  6%         N/A       86%         4
 Flame Wave               Conj/Fire      6%         2d5       86%         4
 Leda's Liquefaction      Hex/Erth       3%         N/A       86%         4
 Passage of Golubria      Tloc           6%         N/A       86%         4
 Summon Lightning Spire   Summ/Air       6%         N/A       86%         4
 Simulacrum               Ice/Necr       10%        N/A       98%         6
 Agony                    Necr           6%         N/A       99%         5
 Alistair's Intoxication  Tmut/Pois      4%         N/A       99%         5
 Lee's Rapid Deconstruct  Erth           3%         3d6*      99%         5
 Silence                  Hex/Air        3%         N/A       99%         5
 Yara's Violent Unravell  Hex/Tmut       3%         3d4       99%         5
 Statue Form              Tmut/Erth      4%         N/A       100%        6
 Enfeeble                 Hex            3%         N/A       100%        7
 Orb of Destruction       Conj           3%         9d5       100%        7
 Spellforged Servitor     Conj/Summ      3%         N/A       100%        7
 Storm Form               Tmut/Air       3%         N/A       100%        7
 Discord                  Hex            3%         N/A       100%        8
 Lehudib's Crystal Spear  Conj/Erth      3%         10d2      100%        8
 Maxwell's Capacitive Co  Air            3%         ∞         100%        8
 Polar Vortex             Ice            17%        N/A       100%        9


Dungeon Overview and Level Annotations

Branches:
Dungeon (15/15) Zot: 26001  Temple (1/1) D:7 Zot: 5593    Lair (5/5) D:9 Zot: 24755
  Swamp (0/4) Lair:3       Spider (0/4) Lair:3        Slime (0/5) Lair:4
    Orc (2/2) D:10 Zot: 10658     Elf (0/3) Orc:2        Vaults (0/5) D:13
 Depths (0/4) D:15        Ossuary (visited)          Bailey (visited)
Gauntlet (visited)

Altars:
Ashenzari
Cheibriados
Dithmenos
Fedhas
Hepliaklqana
Kikubaaqudgha
Makhleb
Nemelex Xobeh
Qazlal
Ru
Sif Muna
Trog
Uskayaw
Vehumet
Wu Jian
Xom
Yredelemnul
Jiyva
Lugonu

Shops:
D:1 (   D:2 =   D:12 (*(=:   D:13 [   Orc:1 :   Orc:2 [(=*

Portals:
Abyss: Lair:2 Lair:5
Trove: D:12 (give 8 scrolls of fear)

Annotations:
D:7 exclusion: statue
Lair:4 3 runed translucent doors, Nubia's ghost, journeyman GnEn


Innate Abilities, Weirdness & Mutations

You have a pair of large horns on your head.
A meltable icy envelope protects you from harm. (AC +0)
You sometimes gain power by taking damage.
When seriously injured, your blood forms very thick armour. (AC +12)
A meltable shield of frost defends you. (SH +0)


Message History

The fire elemental closely misses you.
The deep elf pyromancer hits you with a +0 great sword of electrocution.
* * * LOW HITPOINT WARNING * * *
The fire elemental completely misses you.
The deep elf pyromancer zaps a wand.
You resist with almost no effort.
Unknown command.
You closely miss the deep elf pyromancer.
The fire elemental hits you. The fire elemental burns you! You resist.
* * * LOW HITPOINT WARNING * * *
The fire elemental hits you.
The deep elf pyromancer zaps a wand.
You suddenly lose the ability to move!
The now-empty wand crumbles to dust.
The deep elf pyromancer casts a spell at you.
The sticky flame hits you. You resist.
You are covered in liquid flames!
* * * LOW HITPOINT WARNING * * *
The fire elemental hits you. The fire elemental burns you! You resist.
* * * LOW HITPOINT WARNING * * *
The fire elemental hits you. The fire elemental burns you! You resist.
* * * LOW HITPOINT WARNING * * *
The fire elemental hits you. The fire elemental burns you! You resist.
* * * LOW HITPOINT WARNING * * *
You are covered in liquid flames!
* * * LOW HITPOINT WARNING * * *
The deep elf pyromancer hits you with a +0 great sword of electrocution.
* * * LOW HITPOINT WARNING * * *
The fire elemental hits you. The fire elemental burns you! You resist.
* * * LOW HITPOINT WARNING * * *
The fire elemental hits you. The fire elemental burns you! You resist.
* * * LOW HITPOINT WARNING * * *
The fire elemental barely misses you.
The deep elf pyromancer hits you but does no damage.
You are electrocuted!
* * * LOW HITPOINT WARNING * * *
The fire elemental hits you. The fire elemental burns you! You resist.
* * * LOW HITPOINT WARNING * * *
You are covered in liquid flames!
* * * LOW HITPOINT WARNING * * *
You are no longer on fire.
The fire elemental hits you.
* * * LOW HITPOINT WARNING * * *
The fire elemental burns you! You resist.
* * * LOW HITPOINT WARNING * * *
The fire elemental hits you.
The deep elf pyromancer hits you but does no damage.
The fire elemental hits you. The fire elemental burns you! You resist.
* * * LOW HITPOINT WARNING * * *
The fire elemental hits you. The fire elemental burns you! You resist.
You die...

# ##...## #......#
# #...# ###....#
##### #..†.#
.....# ####'#
......# ###...# ##
.......###.....# #
.#
.......#.^.....#.#
.#
..⌠....)†..⌠E..'.#
.#
......(#..†.@E°###
##
...)...###.eE..#
......# ###...#
.....# ###+# ##'##
#.. #.


You could see a deep elf pyromancer (fast) and 3 fire elementals.

Vanquished Creatures
  Rupert (D:15)
  An orc warlord (Orc:2)
  A minotaur (Gauntlet)
  Snorg (D:12)
  A fire dragon (D:15)
  Fannar (D:12)
  A yaktaur captain (D:15)
  A vault guard (D:13)
  9 hydras
  3 boulder beetles
  An ogre mage (D:15)
  8 centaur warriors
  7 two-headed ogres
  A deep troll earth mage (D:15)
  3 tengu warriors
  A death knight (D:15)
  2 death yaks (Lair:4)
  4 thrashing horrors (Lair:5)
  5 orc high priests
  Urug (Lair:3)
  Sonja (D:11)
  The ghost of raetorn the Thaumaturge, a novice DjHW of Makhleb (D:10)
  A skeletal warrior (D:15)
  A flayed ghost (D:15)
  A sea snake (shapeshifter) (D:15)
  3 orc knights
  3 bog bodies (Lair:3)
  A necromancer (D:15)
  A lindwurm (Lair:5)
  A wizard (D:15)
  A wolf spider zombie (D:15)
  A deep elf pyromancer (D:15)
  A mana viper (shapeshifter) (D:15)
  5 manticores
  9 cyclopes
  A deep elf zephyrmancer (D:15)
  6 orc sorcerers
  9 ugly things
  A moth of wrath (Gauntlet)
  A naga mage (D:15)
  4 black mambas
  13 elephants
  A gargoyle (D:13)
  A torpor snail (Lair:4)
  A cane toad (shapeshifter) (D:15)
  A centaur skeleton (D:15)
  2 unseen horror zombies (D:8)
  An efreet (D:15)
  10 cane toads
  9 komodo dragons
  5 tengu conjurers
  A yaktaur (D:15)
  An ancient zyme (Lair:5)
  2 freezing wraiths (D:15)
  A meliai (shapeshifter) (Gauntlet)
  A queen bee (Lair:2)
  5 trolls
  2 polar bears
  9 slime creatures
  A wolf spider simulacrum (D:14)
  A wind drake (shapeshifter) (D:15)
  22 blink frogs
  5 dream sheep (Lair:4)
  A jumping spider (Lair:3)
  Sigmund (D:6)
  A large abomination (Lair:5)
  A centaur simulacrum (D:13)
  A spriggan (Lair:5)
  5 wyverns
  5 ynoxinuls (Lair:5)
  2 water elementals (D:14)
  4 wraiths
  2 shadows (D:13)
  A vampire (D:11)
  9 basilisks
  25 yaks
  6 vampire mosquitoes (D:13)
  2 redbacks (Lair:3)
  8 small abominations (Lair:5)
  A harpy simulacrum (D:15)
  3 wargs
  2 swamp worms (Lair:3)
  2 acid dragons
  10 water moccasins
  Duvessa (D:4)
  2 sky beasts
  A hornet zombie (D:8)
  2 ice beasts
  34 orc warriors
  4 black bears
  A boggart (D:15)
  5 ogres
  9 wolves
  19 centaurs
  2 phantoms
  An elf zombie (Ossuary)
  A necrophage (D:5)
  9 bullfrogs
  A gnoll sergeant (D:8)
  4 scorpions
  2 wyvern zombies (D:8)
  3 wights (D:7)
  Dowan (D:4)
  17 killer bees
  2 howler monkeys (D:10)
  2 electric eels
  2 centaur zombies
  A jelly (D:6)
  3 hounds
  A gnoll bouda (D:6)
  10 orc priests
  2 iguanas (D:5)
  An iguana (shapeshifter) (D:15)
  16 orc wizards
  4 mummies
  2 howler monkey zombies (D:8)
  9 gnolls
  6 adders
  A shadow imp (D:8)
  2 white imps
  5 ufetubi
  2 adder zombies (Ossuary)
  81 orcs
  8 ball pythons
  5 bats
  4 endoplasms
  5 giant cockroaches
  4 hobgoblins
  4 jackals (D:5)
  9 kobolds
  3 quokkas
  3 frilled lizards
  11 goblins
  7 goblin zombies
  4 hobgoblin zombies
  2 kobold zombies (Ossuary)
  3 quokka zombies (Ossuary)
  2 rats
  A rat zombie (Ossuary)
  A lurking horror (Lair:2)
640 creatures vanquished.

Vanquished Creatures (collateral kills)
  Jorgrun (D:14)
  Josephine (D:11)
  Harold (Lair:1)
  A boulder beetle (D:11)
  A two-headed ogre (D:10)
  An orc knight (Orc:2)
  A smoke demon (Lair:5)
  A blink frog (Lair:5)
  2 wraiths (D:11)
  A water elemental (D:14)
  A shadow (D:11)
  A water moccasin (Lair:1)
  A black bear (Lair:1)
  2 ogres
  3 small abominations (Lair:5)
  A wolf (Gauntlet)
  A hornet simulacrum (D:15)
  3 orcs (Orc:1)
24 creatures vanquished.

Vanquished Creatures (others)
  An orc wizard (D:11)
  31 fungi
  17 plants
49 creatures vanquished.

Grand Total: 713 creatures vanquished

Notes
Turn   | Place    | Note
-------+----------+-------------------------------------------
     0 | D:1      | GeoRichter the Demonspawn Monk began the quest for the Orb.
     0 | D:1      | Reached XP level 1. HP: 18/18 MP: 1/1
   103 | D:1      | Found a faded altar of an unknown god.
   338 | D:1      | Reached skill level 3 in Maces & Flails
   409 | D:1      | Found Siocoih's Weapon Boutique.
   447 | D:1      | Gained mutation: A meltable shield of frost defends you.
                  | (SH +0) [demonic ancestry]
   447 | D:1      | Reached XP level 2. HP: 17/24 MP: 2/2
  1112 | D:2      | Identified the +1 cloak of the Moon {Dex+3}
  1342 | D:2      | Gained mutation: You have a pair of small horns on your
                  | head. [demonic ancestry]
  1342 | D:2      | Reached XP level 3. HP: 29/29 MP: 3/3
  1484 | D:2      | Found Taoceton's Jewellery Emporium.
  2559 | D:3      | Reached skill level 4 in Maces & Flails
  2559 | D:3      | Gained mutation: You sometimes gain a little power by
                  | taking damage. [demonic ancestry]
  2559 | D:3      | Reached XP level 4. HP: 35/35 MP: 4/4
  3262 | D:4      | Reached XP level 5. HP: 41/41 MP: 5/5
  3347 | D:4      | Noticed a wyvern
  3347 | D:4      | Noticed a phantom
  3359 | D:4      | Killed a phantom
  3360 | D:4      | Reached skill level 5 in Maces & Flails
  3415 | D:4      | Killed a wyvern
  3416 | D:4      | Reached XP level 6. HP: 14/47 MP: 6/6
  3862 | D:4      | Noticed Dowan
  3864 | D:4      | Noticed Duvessa
  4428 | D:5      | Entered Level 5 of the Dungeon
  4664 | D:5      | Reached skill level 6 in Maces & Flails
  4683 | D:5      | Gained mutation: You sometimes gain power by taking damage.
                  | [demonic ancestry]
  4683 | D:5      | Reached XP level 7. HP: 52/52 MP: 7/7
  5107 | D:5      | Reached skill level 5 in Stealth
  5673 | D:5      | Reached skill level 7 in Maces & Flails
  5812 | D:6      | Reached skill level 1 in Armour
  5961 | D:6      | Found a sand-covered staircase.
  6049 | Ossuary  | Entered an ossuary
  6057 | Ossuary  | Gained mutation: When seriously injured, your blood forms
                  | armour. (AC +12) [demonic ancestry]
  6057 | Ossuary  | Reached XP level 8. HP: 39/58 MP: 8/8
  7066 | D:6      | Noticed Sigmund
  7082 | D:6      | Killed Sigmund
  7083 | D:6      | Reached skill level 8 in Maces & Flails
  7221 | D:7      | Learned a level 3 spell: Frozen Ramparts
  7231 | D:7      | Found a radiant altar of Vehumet.
  7282 | D:7      | Found a staircase to the Ecumenical Temple.
  7301 | Temple   | Entered the Ecumenical Temple
  7579 | Temple   | Became a worshipper of Makhleb the Destroyer
  7579 | Temple   | Reached * piety under Makhleb
  7579 | Temple   | Reached ** piety under Makhleb
  7610 | D:7      | Reached skill level 1 in Ice Magic
  7777 | D:7      | Reached skill level 1 in Spellcasting
  7960 | D:7      | Gained mutation: When seriously injured, your blood forms
                  | thick armour. (AC +12) [demonic ancestry]
  7960 | D:7      | Reached XP level 9. HP: 61/66 MP: 10/10
  9008 | D:8      | Reached skill level 5 in Ice Magic
  9158 | D:8      | Found a basalt altar of Yredelemnul.
  9631 | D:8      | Gained mutation: A meltable icy envelope protects you from
                  | harm. (AC +0) [demonic ancestry]
  9631 | D:8      | Reached XP level 10. HP: 72/73 MP: 16/16
 10272 | D:9      | Reached *** piety under Makhleb
 10409 | D:8      | Reached skill level 5 in Spellcasting
 10705 | D:9      | Noticed a two-headed ogre
 10725 | D:9      | Killed a two-headed ogre
 10954 | D:9      | Noticed a two-headed ogre
 10961 | D:9      | Killed a two-headed ogre
 11082 | D:9      | Found a staircase to the Lair.
 11725 | D:10     | Entered Level 10 of the Dungeon
 11808 | D:10     | Found a flagged portal.
 11848 | Bailey   | Entered a bailey
 12191 | Bailey   | Reached **** piety under Makhleb
 12192 | Bailey   | Reached skill level 1 in Invocations
 12192 | Bailey   | Reached XP level 11. HP: 54/78 MP: 20/20
 12971 | Bailey   | Identified the +1 robe of the Gusle {Rampage rPois Regen+}
 12987 | Bailey   | Acquired 898 gold pieces
 13095 | D:10     | Noticed a two-headed ogre
 13315 | D:2      | Bought the ring of the Bull {rF+ Slay+4 Stlth+} for 948
                  | gold pieces
 13315 | D:2      | Bought an amulet of regeneration for 300 gold pieces
 13392 | D:4      | Killed Duvessa
 13399 | D:4      | Killed Dowan
 13400 | D:4      | Reached skill level 10 in Ice Magic
 13543 | D:10     | Noticed a two-headed ogre
 13555 | D:10     | Noticed a two-headed ogre
 13558 | D:10     | Killed a two-headed ogre
 13560 | D:10     | Killed a two-headed ogre
 13571 | D:10     | Killed a two-headed ogre
 13614 | D:10     | Found a staircase to the Orcish Mines.
 13955 | D:10     | Found a runed translucent gate.
 13956 | D:10     | Found a runed translucent gate.
 13956 | D:10     | Noticed raetorn's ghost (novice DjHW)
 13957 | D:10     | Found a runed translucent gate.
 14382 | D:11     | Reached skill level 1 in Shields
 14382 | D:11     | Reached skill level 1 in Evocations
 14434 | D:11     | Noticed a two-headed ogre
 14442 | D:11     | Killed a two-headed ogre
 14473 | D:11     | Noticed Josephine
 14492 | D:11     | Killed Josephine
 14493 | D:11     | Reached skill level 5 in Fighting
 14701 | D:11     | Noticed a two-headed ogre
 14709 | D:11     | Killed a two-headed ogre
 14776 | D:11     | Reached XP level 12. HP: 86/86 MP: 19/22
 14857 | D:11     | Noticed Sonja
 14863 | D:11     | Killed Sonja
 14982 | D:11     | Noticed a boulder beetle
 14999 | D:11     | Killed a boulder beetle
 15000 | D:11     | Reached skill level 9 in Maces & Flails
 15168 | Lair:1   | Entered Level 1 of the Lair of Beasts
 15281 | Lair:1   | Reached skill level 5 in Dodging
 15511 | Lair:1   | Noticed Harold
 15523 | Lair:1   | Killed Harold
 16392 | Lair:2   | Found a corrupted altar of Lugonu.
 16392 | Lair:2   | Found a one-way gate to the infinite horrors of the Abyss.
 16789 | Lair:2   | Reached skill level 10 in Maces & Flails
 16791 | Lair:2   | Reached ***** piety under Makhleb
 17000 | Lair:2   | Reached skill level 5 in Armour
 17186 | Lair:3   | Found a gate leading to a gauntlet.
 17192 | Gauntlet | Entered a Gauntlet
 17192 | Gauntlet | Found a transporter.
 17199 | Gauntlet | Noticed a tengu warrior
 17201 | Gauntlet | Found a transporter.
 17204 | Gauntlet | Found a transporter.
 17205 | Gauntlet | Found a transporter.
 17211 | Gauntlet | Found a runed translucent gate.
 17211 | Gauntlet | Found a runed translucent gate.
 17211 | Gauntlet | Found a runed translucent gate.
 17213 | Gauntlet | Found a transporter.
 17216 | Gauntlet | Found a transporter.
 17217 | Gauntlet | Found a transporter.
 17221 | Gauntlet | Found a runed translucent door.
 17226 | Gauntlet | Found a transporter.
 17229 | Gauntlet | Found a transporter.
 17230 | Gauntlet | Found a transporter.
 17238 | Gauntlet | Found a transporter.
 17238 | Gauntlet | Found a runed translucent door.
 17241 | Gauntlet | Found a transporter.
 17242 | Gauntlet | Found a transporter.
 17250 | Gauntlet | Found a transporter.
 17347 | Gauntlet | Killed a tengu warrior
 17453 | Gauntlet | Identified the +5 flail of Unpleasantness {vorpal, +Blink
                  | rN+ Int+2}
 17453 | Gauntlet | Noticed a minotaur
 17470 | Gauntlet | Killed a minotaur
 17471 | Gauntlet | Gained mutation: You have a pair of horns on your head.
                  | [demonic ancestry]
 17471 | Gauntlet | Reached XP level 13. HP: 87/95 MP: 25/25
 17476 | Gauntlet | Got the Secrets of Evil and the Ground
 17482 | Gauntlet | Identified the +1 robe of Watchfulness {Str+3 Dex+3}
 17542 | Lair:3   | Found a hole to the Spider Nest.
 17921 | Lair:3   | Reached skill level 5 in Evocations
 17995 | Lair:3   | Noticed Urug
 18005 | Lair:3   | Killed Urug
 18400 | Lair:3   | Found a staircase to the Swamp.
 18566 | Lair:4   | Reached skill level 11 in Maces & Flails
 18775 | Lair:4   | Identified the +7 ring mail of Nimnukam {Harm Int+2}
 18798 | Lair:4   | Found a runed translucent gate.
 18824 | Lair:4   | Found a runed translucent gate.
 18825 | Lair:4   | Found a runed translucent gate.
 18826 | Lair:4   | Noticed Nubia's ghost (journeyman GnEn)
 19047 | Lair:4   | Found a viscous altar of Jiyva.
 19048 | Lair:4   | Found a staircase to the Slime Pits.
 19333 | Lair:5   | Entered Level 5 of the Lair of Beasts
 19589 | Lair:5   | Gained mutation: When seriously injured, your blood forms
                  | very thick armour. (AC +12) [demonic ancestry]
 19589 | Lair:5   | Reached XP level 14. HP: 59/104 MP: 27/27
 19867 | Lair:5   | Found a corrupted altar of Lugonu.
 19879 | Lair:5   | Reached skill level 12 in Maces & Flails
 20786 | Orc:1    | Entered Level 1 of the Orcish Mines
 20844 | Orc:1    | Found Vuon's Book Shop.
 21231 | Orc:2    | Entered Level 2 of the Orcish Mines
 21240 | Orc:2    | Noticed an orc warlord
 21241 | Orc:2    | Found Bygomena's Antique Armour Emporium.
 21314 | Orc:2    | Found a staircase to the Elven Halls.
 21354 | Orc:2    | Found Pujuo's Antique Weapon Emporium.
 21523 | Orc:2    | Killed an orc warlord
 21645 | Orc:2    | Reached ****** piety under Makhleb
 21658 | Orc:2    | Bought a glowing kite shield for 180 gold pieces
 21662 | Orc:2    | Bought a pair of glowing gloves for 180 gold pieces
 21730 | Orc:2    | Found Xitat's Jewellery Boutique.
 21797 | Orc:2    | Found Koggolil's General Store.
 21829 | Orc:2    | Bought a scroll of identify for 22 gold pieces
 22120 | Orc:1    | Bought a book of Ice for 644 gold pieces
 22268 | D:10     | Killed raetorn's ghost
 22360 | D:12     | Found a portal to a secret trove of treasure.
 22412 | D:12     | Noticed Fannar
 22435 | D:12     | Killed Fannar
 22521 | D:12     | Found Limerch's Antique Weapon Shoppe.
 22560 | D:12     | Found Ruwkat's Assorted Antiques.
 22588 | D:12     | Found Ymoimaj's Weapon Boutique.
 22790 | D:12     | Noticed Snorg
 22806 | D:12     | Killed Snorg
 22896 | D:12     | Found Galebb's Jewellery Shop.
 22977 | D:12     | Found Gilick's Book Boutique.
 23129 | D:13     | Found Veweitu's Antique Armour Shoppe.
 23637 | D:13     | Gained mutation: You have a pair of large horns on your
                  | head. [demonic ancestry]
 23637 | D:13     | Reached XP level 15. HP: 76/113 MP: 24/28
 23647 | D:13     | Found a gate to the Vaults.
 23825 | D:13     | Reached skill level 13 in Maces & Flails
 24159 | D:12     | Bought the +1 cloak of Starlight {*Dazzle EV+4 Stlth--} for
                  | 579 gold pieces
 24159 | D:12     | Found the +1 cloak of Starlight {*Dazzle EV+4 Stlth--}
 24559 | D:14     | Identified the +2 robe of the Eagle {rC+}
 24590 | D:14     | Found a hide-covered altar of Uskayaw.
 24888 | D:14     | Noticed Jorgrun
 24900 | D:14     | Killed Jorgrun
 25170 | D:15     | Entered Level 15 of the Dungeon
 25385 | D:15     | Reached skill level 5 in Shields
 25444 | D:15     | Found a staircase to the Depths.
 25810 | D:15     | Noticed Rupert
 25818 | D:15     | Paralysed by Rupert for 2 turns
 25821 | D:15     | Killed Rupert
 26085 | D:15     | Reached skill level 10 in Fighting
 26145 | D:15     | Reached skill level 14 in Maces & Flails
 26204 | D:15     | Paralysed by a deep elf pyromancer for 3 turns
 26207 | D:15     | HP: 4/115 [fire elemental[a deep elf pyromancer] (5)]
 26207 | D:15     | HP: 1/115 [fire elemental[a deep elf pyromancer] (3)]
 26207 | D:15     | Slain by a fire elemental

Illustrated notes

Levels and vault maps discovered:
D:1:      co_arrival_two_rings, layout_basic, serial_shops,
          nicolae_shop_statue_plus, shapermc_ecumenical_altar_hornbeckon,
          st_stairs_3, nrook_uturn, minmay_unequal
D:2:      layout_basic, serial_shops, nicolae_diamond_shop
D:3:      minmay_evil_eye, layout_basic
D:4:      minmay_chambers_of_fours, layout_loops_ring, uniq_duvessa
D:5:      layout_cave_pods
D:6:      layout_loops_cross, nicolae_ossuary_entry_giza,
          chequers_serial_rivers_room_b, uniq_sigmund
D:7:      layout_cave_pools, vehumet_statue, minmay_temple_entry_waves,
          minmay_misc_feat_iff
D:8:      layout_layer_cave, nicolae_yredelemnul_corpse_copse
D:9:      layout_gridville, lair_entry_dummy
D:10:     layout_long_grid, orc_0_dummy, biasface_ghost_orc_armoury,
          enter_bailey_5
D:11:     layout_basic, uniq_sonja, uniq_josephine
D:12:     layout_loops_cross, enter_trove_2, serial_shops,
          nicolae_shop_hallway_plus, nicolae_shop_competitors_out_of_business,
          nicolae_shop_competitors_out_of_business, shop, nicolae_shop_stone,
          uniq_snorg, uniq_fannar
D:13:     layout_gridville, david_vaults_5, serial_shops, shop
D:14:     layout_basic, nicolae_uskayaw_suspiria, uniq_jorgrun
D:15:     grunt_enter_depths_magical_seal, layout_loops_cross,
          nicolae_rejected_hall, uniq_rupert
Temple:   mainiacjoe_temple_big_plus
Lair:1:   layout_gridlike, serial_bayou_shore_a, grunt_megastairs_5, uniq_harold
Lair:2:   layout_cave_pods, special_room [special_room_bee],
          amcnicky_altar_lugonu_corruption
Lair:3:   layout_small_grid, nicolae_swamp_entry_splash_gauntlet,
          spider_nest_entry_funnel_web, gauntlet_entry_generic, uniq_urug
Lair:4:   layout_roguey, slime_entry_1, gammafunk_ghost_necromancy
Lair:5:   hellmonk_lair_end_abyssal_woods, layout_layer_cave, minivault_19
Orc:1:    layout_diamond_mine, serial_shops, nicolae_shop_hallway_plus,
          mines2_david
Orc:2:    grunt_orc_gardens, layout_diamond_mine, grunt_orc_garden,
          grunt_orc_garden, grunt_orc_garden, grunt_orc_garden, mines1_david

Skill      XL: |  1  2  3  4  5  6  7  8  9 10 11 12 13 14 15 |
---------------+----------------------------------------------+-----
Stealth        | 2 3 4 5 |  5.0
Maces & Flails | 3 4 5 6 7 8 10 11 12 14 | 14.0
Dodging        | 3 4 6 7 8 9 |  9.4
Armour         | 1 2 3 5 6 7 8 |  8.9
Fighting       | 4 5 6 7 9 10 | 10.3
Ice Magic      | 2 6 9 10 | 10.0
Spellcasting   | 1 4 6 7 8 9 |  9.6
Invocations    | 1 8 9 |  9.0
Shields        | 1 2 4 5 |  5.9
Evocations     | 2 4 6 |  6.0

Action                   |  1- 3 |  4- 6 |  7- 9 | 10-12 | 13-15 || total
-------------------------+-------+-------+-------+-------+-------++-------
Melee: Mace              |   128 |    20 |       |       |       ||   148
       Punch             |     4 |       |     6 |     8 |       ||    18
       Headbutt          |    14 |    26 |    98 |   152 |   279 ||   569
       Flail             |       |   107 |   449 |   552 |   992 ||  2100
Throw: Dart              |       |       |     1 |     2 |     1 ||     4
       Javelin           |       |       |       |       |     3 ||     3
 Cast: Frozen Ramparts   |       |       |     3 |    54 |    62 ||   119
Invok: Minor Destruction |       |       |       |   149 |   135 ||   284
       Lesser Servant of |       |       |       |    11 |    14 ||    25
       Major Destruction |       |       |       |       |     2 ||     2
Evoke: Wand              |       |       |       |    10 |     3 ||    13
  Use: Scroll            |       |       |     8 |    13 |    11 ||    32
       Potion            |       |       |     1 |     2 |     3 ||     6
 Stab: Sleeping          |     5 |     6 |     8 |     4 |    11 ||    34
       Distracted        |     1 |       |     1 |       |     6 ||     8
       Invisible         |       |       |     1 |     6 |     7 ||    14
       Fleeing           |       |       |       |     1 |       ||     1
Armor: Robe              |    11 |       |       |    95 |    95 ||   201
       Ring mail         |    24 |    48 |   222 |   111 |    11 ||   416
       Acid dragon scale |       |       |       |       |   157 ||   157
Dodge: Dodged            |    80 |    85 |   286 |   416 |   540 ||  1407
Block: Other             |    22 |    17 |    93 |   107 |       ||   239
       Buckler           |       |       |       |       |   350 ||   350
